Unix NetHack Version 3.7.0-66 Work-in-progress - last build Nov 25 2022 02:21:47 (a67c8fbd212c6e9cfe3af09653023564b5ba1bad,branch:master). Game began 2022-12-04 12:44:46, ended 2022-12-04 12:54:56. elenmirie, neutral female gnomish Ranger ------- --------- ------------ |.....| --------------- |@mf[[[)| #|..........| |.....| |.............| |[[[[[[[| #|..........| #......| #-.............| |[[[[.)[| #............# #--.---- #|.........<...| |[[.[[[[| #|...>......|## # # #|.............| |......@| #--|--------- # ### ## ###-------------.- ------|-- ###### ## # # #### ## #################### ## # # # # # ## # ################## # # ### # ## ##### # -------########### # # # ## --|-- ......|# # # # --------.-- ###### |....### |.....|# -.-.--# |.......(.| -------------.-# |...| ####......|# |.....# #######-.........| |.............+# |...| |.....|# |....| |.........| |.............|# ----- |.....|#0 +....| ----------- |..............# |......# ------ ---- ---------- ------- Elenmirie the Lookout St:16 Dx:11 Co:16 In:13 Wi:13 Ch:7 Neutral Dlvl:5 $:126 HP:0(33) Pw:23(23) AC:5 Xp:4/118 T:1974 Latest messages: What do you want to drop? [$a-fhik-oqrv-z or ?*] z You drop a T-shirt (unpaid, 18 zorkmids). Yermak picks up a pair of jackboots. You see here a plate mail (for sale, 900 zorkmids). You see here a crude ring mail (for sale, 120 zorkmids). You see here a banded mail (for sale, 135 zorkmids). Wait! That's a giant mimic! The giant mimic hits! The giant mimic hits! Are you sure you want to pray? [yn] (n) y You begin praying to Venus. You are surrounded by a shimmering light. Yermak drops a pair of jackboots. You finish your prayer. You feel that Venus is well-pleased. You feel much better. a - an uncursed +1 dagger (weapon in hand). You cannot escape from the giant mimic! What do you want to zap? [n or ?*] n In what direction? l The magic missile hits the giant mimic! The magic missile hits the small mimic! The magic missile bounces! Yermak picks up a pair of jackboots. The small mimic strikes at your displaced image and misses you! What do you want to zap? [n or ?*] n In what direction? l The magic missile hits the giant mimic! The magic missile hits the small mimic! The magic missile bounces! What do you want to zap? [n or ?*] n In what direction? l The magic missile hits the giant mimic. You kill the small mimic! Yermak eats a small mimic corpse. You see a kitten appear where Yermak was! You cannot escape from the giant mimic! You hit the giant mimic. The giant mimic hits! The giant mimic hits! You hit the giant mimic! The giant mimic hits! The giant mimic hits! You die... Tefenni gratefully inherits all your possessions. Do you want to see what you had when you died? [ynq] (y) y Do you want to see your attributes? [ynq] (y) y Do you want an account of creatures vanquished? [ynaq] (y) y Do you want to see your conduct and achievements? [ynq] (y) y Do you want to see the dungeon overview? [ynq] (y) y Inventory: Coins $ - 126 gold pieces Weapons c - 49 uncursed +2 crossbow bolts (in quiver pouch) d - 31 uncursed +0 crossbow bolts b - an uncursed +1 crossbow (alternate weapon; not wielded) o - 9 blessed +0 darts i - 11 cursed -2 shuriken a - an uncursed +1 dagger (weapon in hand) Armor h - an uncursed +1 pair of elven boots (being worn) e - a blessed +2 cloak of displacement (being worn) Comestibles m - an uncursed clove of garlic f - 4 uncursed cram rations v - an uncursed tripe ration Scrolls l - an uncursed scroll of blank paper q - an uncursed scroll of enchant armor y - an uncursed scroll of food detection r - a cursed scroll of light Spellbooks w - a cursed spellbook of cause fear x - an uncursed spellbook of detect monsters Potions k - a blessed potion of blindness Wands n - an uncursed wand of magic missile (0:3) Elenmirie the Ranger's attributes: Background: You were a Lookout, a level 4 female gnomish Ranger. You were neutral, on a mission for Venus who was opposed by Mercury (lawful) and Mars (chaotic). You were in the Dungeons of Doom, on level 5. You entered the dungeon 1974 turns ago. You had 118 experience points, 42 more were needed to attain level 5. Basics: You had 0 out of 33 hit points. You had all 23 energy points (spell power). Your armor class was 5. Your wallet contained 126 zorkmids. Autopickup was on, but temporarily disabled while inside the shop. Final Characteristics: Your strength was 16 (limit:18/50). Your dexterity was 11 (limit:18). Your constitution was 16 (limit:18). Your intelligence was 13 (limit:19). Your wisdom was 13 (limit:18). Your charisma was 7 (limit:18). Final Status: You were held by a giant mimic (east). You were not hungry. You were unencumbered. You were wielding a dagger. You had basic skill with dagger. Final Attributes: You were devoutly aligned. You had automatic searching. You had infravision. You were displaced. You were stealthy. You were warded. You are dead. Miscellaneous: You never encountered a bones level. Total elapsed playing time was 10 minutes and 8 seconds. Major events: Turn 1: elenmirie the neutral female gnomish Ranger entered the dungeon 907: entered the Gnomish Mines 1034: attained the rank of Lookout (level 3) 1974: killed by a giant mimic Vanquished creatures: a small mimic a rock piercer 3 floating eyes 2 dwarf zombies 2 coyotes a large kobold a brown mold 4 geckos 7 jackals 4 foxes 2 goblins 3 sewer rats 4 grid bugs a lichen 8 newts 44 creatures vanquished. No species were genocided or became extinct. Voluntary challenges: You read items or engraved 1 time. You never engraved Elbereth. You never genocided any monsters. You never polymorphed an object. You never changed form. You used no wishes. Achievements: You entered the Gnomish Mines. You attained the rank of Lookout. You entered a shop. The Dungeons of Doom: levels 1 to 5 Level 1: An altar, a fountain. Level 2: Level 3: An altar, some fountains. Stairs down to The Gnomish Mines. Level 4: An altar to Venus. Level 5: <- You were here. An armor shop. Final resting place for you, killed by a giant mimic. The Gnomish Mines: Level 4: Game over: ---------- / \ / REST \ / IN \ / PEACE \ / \ | elenmirie | | 0 Au | | killed by a | | giant mimic | | | | | | 2022 | *| * * * | * _________)/\\_//(\/(/\)/\//\/|_)_______ Goodbye elenmirie the Ranger... You died in The Dungeons of Doom on dungeon level 5 with 682 points, and 0 pieces of gold, after 1974 moves. You were level 4 with a maximum of 33 hit points when you died.